 Dungeon Crawl Stone Soup version 0.31.0-1-g2c135a0 (webtiles) character file.

Game seed: 882215504925485662

44 jagoly the Digger (level 3, -5/26 HPs)
             Began as a Human Earth Elementalist on Jan 31, 2024.
             Slain by Sigmund
             ... wielding a +0 scythe
              (8 damage)
             ... on level 2 of the Dungeon.
             The game lasted 00:03:32 (452 turns).

jagoly the Digger (Human Earth Elementalist)         Turns: 452, Time: 00:03:33

Health: -5/26      AC:  3    Str:  8    XL:     3   Next: 62%
Magic:  1/6        EV: 12    Int: 17    God:
Gold:   86         SH:  0    Dex: 13    Spells: 5/6 levels left

rFire   . . .        (no weapon)
rCold   . . .        (no shield)
rNeg    . . .        a - +0 robe
rPois   .            (no helmet)
rElec   .            (no cloak)
rCorr   .            c - +0 pair of gloves
SInv    .            (no boots)
Will    .....        (no amulet)
Stlth   ++           (no ring)
HPRegen 0.24/turn    (no ring)
MPRegen 0.10/turn

%: no passive effects
@: no status effects
A: explore regen
a: no special abilities


You were on level 2 of the Dungeon.
You visited 1 branch of the dungeon, and saw 2 of its levels.

You collected 86 gold pieces.

Inventory:

Missiles
 d - 4 poisoned darts
Armour
 a - a +0 robe (worn)
 c - a +0 pair of gloves (worn)
Potions
 e - 2 potions of curing {unknown}
 f - a potion of haste {unknown}


   Skills:
 + Level 1.0 Fighting
 + Level 2.4 Dodging
 + Level 2.3 Stealth
 - Level 2.0 Spellcasting
 + Level 1.6 Conjurations
 * Level 3.5 Earth Magic


You had 5 spell levels left.
You knew the following spells:

 Your Spells              Type           Power      Damage    Failure   Level
a - Sandblast             Erth           26%        2d8       4%          1

Your spell library contained the following spells:

 Spells                   Type           Power      Damage    Failure   Level
 Passwall                 Erth           13%        N/A       14%         3
 Stone Arrow              Conj/Erth      20%        3d8       21%         3
 Brom's Barrelling Bould  Conj/Erth      10%        2d3       56%         4
 Petrify                  Alch/Erth      7%         N/A       67%         4


Dungeon Overview and Level Annotations

Branches:
Dungeon (2/15) Zot: 11528

Altars:

Annotations:
D:2 Sigmund


Innate Abilities, Weirdness & Mutations

You regain HP and MP as you explore.


Message History

Welcome, jagoly the Human Earth Elementalist.
Are you destined to find the splendid Orb of Zot, or to die trying?
Press ? for a list of commands and other information.
Found a rapier.
Found a staircase leading out of the dungeon.
Found 8 gold pieces.
You now have 8 gold pieces.
As you open the gate, it creaks loudly!
There is an open gate here.
An endoplasm comes into view.
An endoplasm is nearby!
Cast which spell? (? or * to list)
Aiming: Sandblast (safe; 6% risk of failure)
Press: ? - help, Shift-Dir - straight line, f - endoplasm
Aim: an endoplasm (98% to hit)
The blast of sand hits the endoplasm.
You kill the endoplasm!
A ball python comes into view.
A rat comes into view.
Cast which spell? (? or * to list)
Aiming: Sandblast (safe; 6% risk of failure)
Press: ? - help, Shift-Dir - straight line, f - ball python
Aim: a ball python (asleep, 100% to hit)
The blast of sand hits the ball python!
You kill the ball python!
Found 13 gold pieces.
Cast which spell? (? or * to list)
Aiming: Sandblast (safe; 6% risk of failure)
Press: ? - help, Shift-Dir - straight line, f - rat
Aim: a rat (asleep, 100% to hit)
The blast of sand hits the rat.
You kill the rat!
An endoplasm comes into view.
You now have 21 gold pieces (gained 13).
Found a pair of gloves.
Cast which spell? (? or * to list)
You can't see any susceptible monsters within range! (Use Z to cast anyway.) Unknown command.
Found 13 gold pieces.
Cast which spell? (? or * to list)
Aiming: Sandblast (safe; 6% risk of failure)
Press: ? - help, Shift-Dir - straight line, f - endoplasm
Aim: an endoplasm (asleep, 100% to hit)
The blast of sand hits the endoplasm!
You kill the endoplasm!
You see here a +0 pair of gloves.
Magic restored.
You start putting on your armour.
You continue putting on your +0 pair of gloves. x4
You finish putting on your +0 pair of gloves.
You now have 34 gold pieces (gained 13).
A kobold and a frilled lizard come into view.
The kobold shouts!
The frilled lizard hisses angrily.
Cast which spell? (? or * to list)
Aiming: Sandblast (safe; 6% risk of failure)
Press: ? - help, Shift-Dir - straight line, f - frilled lizard
Aim: a frilled lizard (70% to hit)
The blast of sand hits the frilled lizard!
You kill the frilled lizard!
Cast which spell? (? or * to list)
Aiming: Sandblast (safe; 6% risk of failure)
Press: ? - help, Shift-Dir - straight line, f - kobold
Aim: a kobold, wielding a +0 short sword (77% to hit)
The blast of sand hits the kobold!
You kill the kobold!
Things that are here:
a +0 short sword; a kobold corpse Magic restored.
Magic restored.
A ball python comes into view.
Cast which spell? (? or * to list)
Aiming: Sandblast (safe; 6% risk of failure)
Press: ? - help, Shift-Dir - straight line, f - ball python
Aim: a ball python (asleep, 100% to hit)
The blast of sand hits the ball python.
You kill the ball python!
You have reached level 2!
A kobold comes into view. It is wielding a +0 club.
Found 4 poisoned darts.
A bat comes into view.
Cast which spell? (? or * to list)
Aiming: Sandblast (safe; 6% risk of failure)
Press: ? - help, Shift-Dir - straight line, f - kobold
Aim: a kobold, wielding a +0 club and quivering stones (asleep, 100% to hit)
The blast of sand hits the kobold!
You kill the kobold!
Cast which spell? (? or * to list)
Aiming: Sandblast (safe; 6% risk of failure)
Press: ? - help, Shift-Dir - straight line, f - bat
Aim: a bat (73% to hit)
The blast of sand hits the bat!
You kill the bat!
You see here a bat corpse.
Items here: (( ) †.
Press: ? - help, v - describe, . - travel The floor.
You can't see any item there.
Items here: (( ) †.
d - 4 poisoned darts Magic restored.
A bat comes into view.
A bat is nearby!
Cast which spell? (? or * to list)
Aiming: Sandblast (safe; 6% risk of failure)
Press: ? - help, Shift-Dir - straight line, f - bat
Aim: a bat (asleep, 100% to hit)
The blast of sand hits the bat!
You kill the bat!
You see here a bat corpse.
A bat comes into view.
A bat is nearby!
Found 10 gold pieces.
Cast which spell? (? or * to list)
Aiming: Sandblast (safe; 6% risk of failure)
Press: ? - help, Shift-Dir - straight line, f - bat
Aim: a bat (asleep, 100% to hit)
The blast of sand hits the bat.
You kill the bat!
A hobgoblin comes into view.
A hobgoblin is nearby!
The hobgoblin shouts!
You see here 10 gold pieces.
You now have 44 gold pieces (gained 10).
Cast which spell? (? or * to list)
Aiming: Sandblast (safe; 6% risk of failure)
Press: ? - help, Shift-Dir - straight line, f - hobgoblin
Aim: a hobgoblin (82% to hit)
The blast of sand hits the hobgoblin.
The hobgoblin is heavily wounded.
Cast which spell? (? or * to list)
Aiming: Sandblast (safe; 6% risk of failure)
Press: ? - help, Shift-Dir - straight line, f/p - hobgoblin
Aim: a hobgoblin (heavily wounded, 82% to hit)
The blast of sand hits the hobgoblin.
You kill the hobgoblin!
You see here a bat corpse.
Magic restored.
Found a golden potion.
Found a leather armour.
A goblin comes into view. It is wielding a +0 club.
A goblin is nearby!
The goblin shouts!
You see here a golden potion.
e - a golden potion Cast which spell? (? or * to list)
Aiming: Sandblast (safe; 6% risk of failure)
Press: ? - help, Shift-Dir - straight line, f - goblin
Aim: a goblin, wielding a +0 club (77% to hit)
The blast of sand hits the goblin!
You kill the goblin!
An endoplasm comes into view.
Found a white potion.
The endoplasm quivers.
You see here a white potion.
f - a white potion Cast which spell? (? or * to list)
Aiming: Sandblast (safe; 6% risk of failure)
Press: ? - help, Shift-Dir - straight line, f - endoplasm
Aim: an endoplasm (98% to hit)
The blast of sand hits the endoplasm!
You kill the endoplasm!
Found a stone staircase leading down.
Magic restored.
A hobgoblin comes into view.
Found a club.
Cast which spell? (? or * to list)
Aiming: Sandblast (safe; 6% risk of failure)
Press: ? - help, Shift-Dir - straight line, f - hobgoblin
Aim: a hobgoblin (asleep, 100% to hit)
The blast of sand hits the hobgoblin!
You kill the hobgoblin!
There is a stone staircase leading down here.
You climb downwards.
There is a stone staircase leading up here.
Found 19 gold pieces.
You now have 63 gold pieces (gained 19).
Found 12 gold pieces.
Found 11 gold pieces.
You now have 75 gold pieces (gained 12).
You now have 86 gold pieces (gained 11).
You see here a +0 robe.
Found a golden potion.
e - 2 golden potions (gained 1)
A goblin comes into view. It is wielding a +0 club.
A goblin is nearby! 2 goblins come into view.
Found a scroll labelled KAACHU QATE.
The goblin shouts! x3
A goblin comes into view. It is wielding a +0 club. x2
A hobgoblin comes into view. x2
The goblin moves out of view.
The goblin shouts!
Robin and 2 goblins come into view.
The hobgoblin shouts!
The goblin shouts!
Robin shouts!
The hobgoblin shouts!
Robin throws the goblin at you!
A goblin comes into view. It is wielding a +0 club.
The goblin shouts!
The goblin shouts!
Cast which spell? (? or * to list)
Aiming: Sandblast (safe; 6% risk of failure)
Press: ? - help, Shift-Dir - straight line, f - goblin
Aim: a goblin, wielding a +0 club (77% to hit)
You miscast Sandblast.
You are very lightly contaminated with residual magic.
Nothing appears to happen.
Cast which spell? (? or * to list)
Aiming: Sandblast (safe; 6% risk of failure)
Press: ? - help, Shift-Dir - straight line, f/p - goblin
Aim: a goblin, wielding a +0 club (77% to hit)
The blast of sand hits the goblin!
You kill the goblin!
Your magical contamination has completely faded away.
Cast which spell? (? or * to list)
Aiming: Sandblast (safe; 6% risk of failure)
Press: ? - help, Shift-Dir - straight line, f - goblin
Aim: a goblin, wielding a +0 dagger (77% to hit)
The blast of sand hits the goblin!
You kill the goblin!
Cast which spell? (? or * to list)
Aiming: Sandblast (safe; 6% risk of failure)
Press: ? - help, Shift-Dir - straight line, f - goblin
Aim: a goblin, wielding a +0 club (77% to hit)
The blast of sand hits the goblin!
You kill the goblin!
Cast which spell? (? or * to list)
Aiming: Sandblast (safe; 6% risk of failure)
Press: ? - help, Shift-Dir - straight line, f - goblin
Aim: a goblin, wielding a +0 club (77% to hit)
The blast of sand hits the goblin!
You kill the goblin!
You have reached level 3!
Your experience leads to an increase in your attributes!
Increase (S)trength, (I)ntelligence, or (D)exterity?
You feel clever. x2
Cast which spell? (? or * to list)
Aiming: Sandblast (safe; 4% risk of failure)
Press: ? - help, Shift-Dir - straight line, f - hobgoblin
Aim: a hobgoblin (82% to hit)
The blast of sand hits the hobgoblin!
You kill the hobgoblin!
Cast which spell? (? or * to list)
Aiming: Sandblast (safe; 4% risk of failure)
Press: ? - help, Shift-Dir - straight line, f - goblin
Aim: a goblin, wielding a +0 club (77% to hit)
The blast of sand hits the goblin!
You kill the goblin!
Things that are here:
a +0 club; a goblin corpse The goblin shouts!
The goblin unwields a +0 club.
The goblin wields a +0 sling.
The goblin shoots a sling bullet.
The sling bullet hits you but does no damage.
Things that are here:
a +0 club; a hobgoblin corpse Cast which spell? (? or * to list)
Aiming: Sandblast (safe; 4% risk of failure)
Press: ? - help, Shift-Dir - straight line, f - goblin
Aim: a goblin, wielding a +0 sling (77% to hit)
The blast of sand hits the goblin!
You kill the goblin!
Cast which spell? (? or * to list)
Aiming: Sandblast (safe; 4% risk of failure)
Press: ? - help, Shift-Dir - straight line, f - goblin
Aim: a goblin, wielding a +0 club (77% to hit)
The blast of sand hits the goblin!
You kill the goblin!
The goblin attacks as it pursues you! The goblin closely misses you.
The goblin attacks as it pursues you! The goblin hits you with a +0 club.
Cast which spell? (? or * to list)
Aiming: Sandblast (safe; 4% risk of failure)
Press: ? - help, Shift-Dir - straight line, f/p - goblin
Aim: a goblin, wielding a +0 club (77% to hit)
The blast of sand misses the goblin.
The blast of sand hits Robin.
Robin is heavily wounded.
The goblin hits you with a +0 club. Robin throws the goblin at you!
The goblin hits you but does no damage.
You hit the goblin but do no damage.
Robin roars a battlecry!
The goblin goes into a battle-frenzy!
The goblin hits you with a +0 club.
Robin says, "My army is invincible!"
The goblin hits you with a +0 club. The goblin closely misses you.
Things that are here:
a +0 club; a goblin corpse
Found a stone staircase leading down.
A dart slug comes into view.
The dart slug briefly extends its eye-stalks.
The goblin attacks as it pursues you! The goblin hits you but does no damage.
The goblin attacks as it pursues you! The goblin closely misses you.
There is a stone staircase leading down here.
Cast which spell? (? or * to list)
Aiming: Sandblast (safe; 4% risk of failure)
Press: ? - help, Shift-Dir - straight line, f - Robin, p - goblin
Aim: Robin, wielding a +0 mace, wearing a +0 animal skin and wearing a +0 helmet (moderately wounded, 87% to hit)
The blast of sand hits the goblin!
You kill the goblin!
Cast which spell? (? or * to list)
Aiming: Sandblast (safe; 4% risk of failure)
Press: ? - help, Shift-Dir - straight line, f - dart slug, p - Robin
Aim: a dart slug (100% to hit)
The blast of sand hits Robin but does no damage.
Robin is moderately wounded.
Robin completely misses you.
Cast which spell? (? or * to list)
Aiming: Sandblast (safe; 4% risk of failure)
Press: ? - help, Shift-Dir - straight line, f/p - dart slug
Aim: a dart slug (100% to hit)
The blast of sand hits Robin but does no damage.
Robin is moderately wounded.
Robin closely misses you.
Found 15 gold pieces.
Robin says, "Bow before me, strongest of all the hobgoblins!"
Robin attacks as they pursue you! Robin misses you.
Cast which spell? (? or * to list)
Aiming: Sandblast (safe; 4% risk of failure)
Press: ? - help, Shift-Dir - straight line, f - Robin, p - dart slug
Aim: Robin, wielding a +0 mace, wearing a +0 animal skin and wearing a +0 helmet (moderately wounded, 87% to hit)
You miscast Sandblast.
You are very lightly contaminated with residual magic.
Nothing appears to happen.
Robin barely misses you. Robin attacks as they pursue you!
Robin closely misses you.
You see here 15 gold pieces.
Robin attacks as they pursue you! Robin hits you with a +0 mace.
Your magical contamination has completely faded away.
Cast which spell? (? or * to list)
Aiming: Sandblast (safe; 4% risk of failure)
Press: ? - help, Shift-Dir - straight line, f/p - Robin
Aim: Robin, wielding a +0 mace, wearing a +0 animal skin and wearing a +0 helmet (moderately wounded, 87% to hit)
The blast of sand hits Robin.
Robin is moderately wounded.
Robin closely misses you. x2
A bat comes into view.
Sigmund the Dreaded comes into view.
He is wielding a +0 scythe.
The bat hits you but does no damage. Robin hits you with a +0 mace.
The bat closely misses you.
You hit Robin but do no damage.
Robin is moderately wounded.
The bat barely misses you. Robin hits you with a +0 mace.
Cast which spell? (? or * to list)
Aiming: Sandblast (safe; 4% risk of failure)
Press: ? - help, Shift-Dir - straight line, f - dart slug, p - Robin
Aim: a dart slug (100% to hit)
The blast of sand hits Robin but does no damage.
Robin is moderately wounded.
The bat closely misses you. Robin closely misses you. x2
You hit Robin.
Robin is moderately wounded.
The bat barely misses you. Robin misses you.
You hit Robin but do no damage.
Robin is moderately wounded.
The bat hits you but does no damage. Robin barely misses you.
Cast which spell? (? or * to list)
Aiming: Sandblast (safe; 4% risk of failure)
Press: ? - help, Shift-Dir - straight line, f/p - dart slug
Aim: a dart slug (100% to hit)
The blast of sand hits Robin.
Robin is heavily wounded.
The bat closely misses you. Robin barely misses you.
You hit Robin but do no damage.
Robin is heavily wounded.
Robin closely misses you. The bat hits you but does no damage.
You hit Robin.
Robin is severely wounded.
The bat hits you but does no damage. Robin closely misses you.
You hit Robin but do no damage.
Robin is severely wounded.
Robin hits you with a +0 mace. The bat hits you.
You hit Robin but do no damage.
Robin is severely wounded.
The bat misses you. Robin closely misses you.
You barely miss Robin.
Robin is severely wounded.
Robin roars a battlecry!
The bat hits you.
The hobgoblin shouts!
You hit Robin but do no damage.
Robin is severely wounded.
The bat hits you but does no damage. Robin closely misses you.
You hit Robin but do no damage.
Robin is severely wounded.
Robin's bangles clink loudly.
Robin misses you. The bat barely misses you.
You hit Robin.
Robin is severely wounded.
The bat closely misses you. Robin misses you.
Cast which spell? (? or * to list)
Aiming: Sandblast (safe; 4% risk of failure)
Press: ? - help, Shift-Dir - straight line, f/p - dart slug
Aim: a dart slug (100% to hit)
The blast of sand hits Robin but does no damage.
Robin is severely wounded.
The bat hits you but does no damage. Robin hits you but does no damage.
Robin closely misses you.
Sigmund points at you and mumbles some strange words.
The magic dart hits you!
* * * LOW HITPOINT WARNING * * *
You aren't carrying any scrolls.
Magic courses through your body. Robin hits you with a +0 mace.
* * * LOW HITPOINT WARNING * * *
Sigmund says, "I'm your fate." The bat closely misses you.
Cast which spell? (? or * to list)
Aiming: Sandblast (safe; 4% risk of failure)
Press: ? - help, Shift-Dir - straight line, f/p - dart slug
Aim: a dart slug (100% to hit)
The blast of sand hits Robin!
You kill Robin!
The bat misses you. The bat barely misses you. Sigmund barely misses you.
Cast which spell? (? or * to list)
Aiming: Sandblast (safe; 4% risk of failure)
Press: ? - help, Shift-Dir - straight line, f - hobgoblin, p - dart slug
Aim: a hobgoblin (strong, 82% to hit)
The blast of sand hits the dart slug!
The dart slug is severely wounded.
The bat hits you.
* * * LOW HITPOINT WARNING * * *
The dart slug bites you.
* * * LOW HITPOINT WARNING * * *
Sigmund barely misses you.
Cast which spell? (? or * to list)
Aiming: Sandblast (safe; 4% risk of failure)
Press: ? - help, Shift-Dir - straight line, f/p - hobgoblin
Aim: a hobgoblin (strong, 82% to hit)
The blast of sand hits the dart slug.
The dart slug is almost dead.
The bat barely misses you. The dart slug launches a dart at you.
The slug dart hits you.
* * * LOW HITPOINT WARNING * * *
Sigmund barely misses you.
Cast which spell? (? or * to list)
Aiming: Sandblast (safe; 4% risk of failure)
Press: ? - help, Shift-Dir - straight line, f/p - hobgoblin
Aim: a hobgoblin (strong, 82% to hit)
The blast of sand hits the dart slug!
You kill the dart slug!
The bat hits you but does no damage. Sigmund barely misses you.
Your Fighting skill increases to level 1!
Cast which spell? (? or * to list)
Aiming: Sandblast (safe; 4% risk of failure)
Press: ? - help, Shift-Dir - straight line, f/p - hobgoblin
Aim: a hobgoblin (strong, 82% to hit)
The blast of sand hits the hobgoblin!
You kill the hobgoblin!
The bat hits you but does no damage. Sigmund closely misses you.
Cast which spell? (? or * to list)
Aiming: Sandblast (safe; 4% risk of failure)
Press: ? - help, Shift-Dir - straight line, f - Sigmund
Aim: Sigmund, wielding a +0 scythe and wearing a +0 robe (80% to hit)
The blast of sand hits Sigmund.
Sigmund is lightly wounded.
The bat hits you but does no damage.
Sigmund hits you from afar with a +0 scythe!
You die...
Sigmund begins carving another notch in his scythe.

....## .....#
.....#. .......
.....# .....#
###b....#
#..@....#
#@################
#.).........$.....
##################


You could see Sigmund and a bat.

Vanquished Creatures
  Robin (D:2)
  A dart slug (D:2)
  2 ball pythons (D:1)
  3 bats (D:1)
  3 endoplasms (D:1)
  9 goblins
  4 hobgoblins
  A frilled lizard (D:1)
  2 kobolds (D:1)
  A rat (D:1)
27 creatures vanquished.

Notes
Turn   | Place    | Note
-------+----------+-------------------------------------------
     0 | D:1      | jagoly the Human Earth Elementalist began the quest for the
                  | Orb.
     0 | D:1      | Reached XP level 1. HP: 13/13 MP: 3/3
   104 | D:1      | Reached XP level 2. HP: 20/20 MP: 3/5
   333 | D:2      | Noticed Robin
   355 | D:2      | Reached XP level 3. HP: 25/25 MP: 1/6
   430 | D:2      | Noticed Sigmund
   447 | D:2      | Killed Robin
   451 | D:2      | Reached skill level 1 in Fighting
   452 | D:2      | Slain by Sigmund

Illustrated notes

Levels and vault maps discovered:
D:1:      kennysheep_arrival_forest, layout_loops_ring,
          hellmonk_ecumenical_altar_leap_of_faith, minmay_pentomino_o2
D:2:      layout_basic, uniq_robin, uniq_sigmund, uniq_terence

Skill      XL: |  1  2  3 |
---------------+----------+-----
Fighting       | 1 |  1.0
Dodging        | |  2.4
Stealth        | |  2.3
Spellcasting   | |  2.0
Conjurations   | |  1.6
Earth Magic    | |  3.5

Action                     || total
---------------------------++-------
  Melee: Unarmed           ||    12
   Cast: Sandblast         ||    38
    Use: Potion            ||     1
 Armour: Robe              ||    31
  Dodge: Dodged            ||    39
